 Dungeon Crawl Stone Soup version 0.26.0-91-g99b343417d (webtiles) character file.

Game seed: 2086542761514581330

1780 Gadfly the Shield-Bearer (level 9, -1/67 HPs)
             Began as a Formicid Fighter on Feb 3, 2021.
             Slain by an orc warrior
             ... wielding a +0 flail
              (7 damage)
             ... on level 6 of the Dungeon.
             The game lasted 00:10:23 (7228 turns).

Gadfly the Shield-Bearer (Formicid Fighter)         Turns: 7228, Time: 00:10:23

Health: -1/67      AC: 20    Str: 22      XL:     9   Next: 29%
Magic:  13/13      EV: 10    Int:  7 (9)  God:
Gold:   329        SH: 10    Dex: 11      Spells: 8/8 levels left

rFire    . . .     SeeInvis +   a - +2 mace (protect)
rCold    . . .     Faith    .   c - +0 kite shield
rNeg     . . .     Spirit   .   q - +0 chain mail
rPois    .         Reflect  .   (helmet unavailable)
rElec    .         Harm     .   (no cloak)
rCorr    .         Rampage  .   e - +1 pair of gloves
Will     .....                  u - +0 pair of boots
Stlth    ..........             i - amulet of the acrobat
HPRegen  0.21/turn              g - +4 ring of evasion
MPRegen  0.13/turn              (no ring)

@: protection aura
A: permanent stasis, dig shafts and tunnels, four strong arms, antennae 3
a: Dig, Shaft Self


You were on level 6 of the Dungeon.
You visited 1 branch of the dungeon, and saw 7 of its levels.
You also visited: Sewer.

You collected 329 gold pieces.

Inventory:

Hand Weapons
 a - a +2 mace of protection (weapon)
 b - a +1 whip of draining
 f - a +1 scythe of flaming
 l - a +0 flail
Missiles
 h - 42 bolts
Armour
 c - a +0 kite shield (worn)
 e - a +1 pair of gloves (worn)
 q - a +0 chain mail (worn)
 u - a +0 pair of boots (worn)
Jewellery
 g - a +4 ring of evasion (left hand)
 i - an amulet of the acrobat (around neck)
Wands
 j - a wand of polymorph (2) (quivered)
 r - a wand of flame (14)
 t - a wand of digging (4)
Scrolls
 m - a scroll of remove curse
 p - 2 scrolls of fear
 s - a scroll of fog
Potions
 d - 3 potions of might
 k - 7 potions of heal wounds
 n - a potion of ambrosia
 o - 7 potions of curing
 v - 2 potions of flight


   Skills:
 + Level 4.9 Fighting
 * Level 5.2 Maces & Flails
 * Level 4.5 Crossbows
 * Level 5.3 Armour
 + Level 5.4 Shields
 + Level 5.3 Invocations
 * Level 5.0 Evocations


You had 8 spell levels left.
You didn't know any spells.
Your spell library contained the following spells:

 Spells                   Type           Power        Failure   Level
 Corona                   Hex            0%           100%        1
 Magic Dart               Conj           0%           100%        1
 Ensorcelled Hibernation  Hex/Ice        0%           100%        2
 Searing Ray              Conj           0%           100%        2
 Confusing Touch          Hex            0%           100%        3
 Dazzling Flash           Conj/Hex       0%           100%        3
 Tukima's Dance           Hex            0%           100%        3
 Fulminant Prism          Conj/Hex       0%           100%        4
 Iskenderun's Mystic Bla  Conj/Tloc      0%           100%        4


Dungeon Overview and Level Annotations

Branches:
Dungeon (7/15)              Sewer (visited)
 Temple: D:4-7

Altars:
Ashenzari
Makhleb
Qazlal
Sif Muna
Trog
Xom
Yredelemnul

Shops:
D:5 :

Annotations:
D:5 2 transporters


Innate Abilities, Weirdness & Mutations

You cannot be hasted, slowed, berserked, paralysed or teleported.
You can dig through walls and to a lower floor.
Your four strong arms can wield two-handed weapons with a shield.
You have a pair of large antennae on your head. (SInv)


Message History

You hit the orc warrior.
The orc warrior is almost dead.
You block the orc warrior's attack. You block the orc's attack.
You hit the orc warrior.
The orc warrior is almost dead.
The orc warrior barely misses you. The orc hits you but does no damage.
You hit the orc warrior but do no damage.
The orc warrior is almost dead.
The orc warrior hits you with a +0 flail!
* * * LOW HITPOINT WARNING * * *
You hit the orc warrior but do no damage.
The orc warrior is almost dead.
The orc hits you but does no damage.
The orc warrior hits you with a +0 flail.
* * * LOW HITPOINT WARNING * * *
You hit the orc warrior but do no damage.
The orc warrior is almost dead.
The orc barely misses you.
The orc warrior hits you with a +0 flail!
You die...

.....# #...........##
.....#####............#
....##................##
.!.....................##
....#...................##
...##....................# #
#.###....................## #
..##...........o..........## ##
.##............)@..........# #.
##..............o..........## ##.
##..........................###..
#..........................##...
##...........##....(.......##...
####........###................
#.......## ##.......###.....
#...)...# ######### ##....
###......## #....


You could see an orc warrior and an orc.

Vanquished Creatures
  Sigmund (D:2)
  Duvessa (D:4)
  A phantom (D:6)
  A black bear (D:6)
  An ice beast (D:5)
  2 ogres
  3 centaurs
  Dowan (D:4)
  A howler monkey (D:5)
  A bullfrog zombie (D:6)
  A hound (D:5)
  A gnoll shaman (D:4)
  A centaur skeleton (D:4)
  3 orc wizards
  3 worker ants
  Natasha (thrice) (D:4)
  Ijyb (D:4)
  A hound skeleton (D:4)
  7 gnolls
  4 river rats (Sewer)
  7 adders
  A white imp (D:5)
  An ufetubus (D:5)
  6 worms
  A dart slug (D:2)
  6 leopard geckos
  24 orcs
  6 ball pythons
  5 bats
  3 giant cockroaches
  8 goblins
  13 hobgoblins
  9 jackals
  6 frilled lizards
  26 kobolds
  27 rats
187 creatures vanquished.

Vanquished Creatures (others)
  4 plants (D:4)
4 creatures vanquished.

Grand Total: 191 creatures vanquished

Notes
Turn   | Place    | Note
-------+----------+-------------------------------------------
     0 | D:1      | Gadfly the Formicid Fighter began the quest for the Orb.
     0 | D:1      | Reached XP level 1. HP: 18/18 MP: 1/1
   362 | D:1      | Reached XP level 2. HP: 24/24 MP: 2/2
   723 | D:1      | Reached skill level 1 in Evocations
  1073 | D:2      | Reached skill level 1 in Crossbows
  1073 | D:2      | Reached skill level 1 in Invocations
  1073 | D:2      | Reached XP level 3. HP: 19/29 MP: 3/3
  1519 | D:2      | Noticed Sigmund
  1547 | D:2      | Killed Sigmund
  1548 | D:2      | Reached XP level 4. HP: 10/37 MP: 5/5
  1548 | D:2      | Reached XP level 5. HP: 12/42 MP: 6/6
  1548 | D:2      | Reached XP level 6. HP: 14/48 MP: 7/7
  1931 | D:2      | Found a bloodstained altar of Trog.
  2194 | D:2      | Found a broken altar of Ashenzari.
  2547 | D:3      | Found a stormy altar of Qazlal.
  2945 | D:3      | Found a basalt altar of Yredelemnul.
  3013 | D:3      | Reached XP level 7. HP: 53/53 MP: 9/9
  3260 | D:4      | Noticed Ijyb
  3395 | D:4      | Killed Ijyb
  3420 | D:4      | Noticed Natasha
  3428 | D:4      | Killed Natasha
  3661 | D:4      | Noticed Natasha
  3674 | D:4      | Killed Natasha
  3896 | D:4      | Noticed Natasha
  3910 | D:4      | Killed Natasha
  4090 | D:4      | Noticed Duvessa
  4090 | D:4      | Noticed Dowan
  4117 | D:4      | Killed Duvessa
  4118 | D:4      | Reached XP level 8. HP: 44/60 MP: 9/11
  4143 | D:4      | Killed Dowan
  4990 | D:5      | Entered Level 5 of the Dungeon
  5061 | D:5      | Found a glowing drain.
  5095 | D:5      | Reached skill level 5 in Shields
  5143 | D:5      | Reached skill level 5 in Invocations
  5146 | Sewer    | Entered a sewer
  6054 | D:5      | Found Puump's Book Shoppe.
  6261 | D:5      | Found a shimmering blue altar of Sif Muna.
  6263 | D:5      | Noticed a cyclops
  6273 | D:5      | Found a transporter.
  6280 | D:5      | Found a transporter.
  6419 | D:6      | Found a shimmering altar of Xom.
  6508 | D:6      | Reached XP level 9. HP: 66/66 MP: 12/12
  6536 | D:6      | Reached skill level 5 in Armour
  6544 | D:6      | Reached skill level 5 in Maces & Flails
  6779 | D:6      | Found a burning altar of Makhleb.
  7035 | D:6      | Reached skill level 5 in Evocations
  7228 | D:6      | Slain by an orc warrior

Illustrated notes

Levels and vault maps discovered:
D:1:      scummos_arrival_simple_crosswalls, layout_basic
D:2:      layout_basic, nicolae_overflow_hidden_temple,
          overflow_temple_1_default, uniq_sigmund
D:3:      layout_rooms, overflow_temple_1_default, marbit_many_paths
D:4:      corexii_shack_village, layout_basic, minmay_misc_feat_four_crosses,
          uniq_ijyb, uniq_natasha, uniq_duvessa
D:5:      layout_rooms, gammafunk_temple_overflow_arena, serial_shops, shop,
          cheibrodos_sewer_entry_sluice
D:6:      layout_cave_pods, bloody_makhleb, overflow_temple_1_default,
          hangedman_decor_clover_reticule
D:7:      layout_rooms, minmay_temple_entry_water_ring,
          gammafunk_ghost_cemetery, nrook_campfire, grunt_qazlal_clouds,
          uniq_prince_ribbit1

Skill      XL: |  1  2  3  4  5  6  7  8  9 |
---------------+----------------------------+-----
Evocations     | 1 2 3 4 5 |  5.0
Crossbows      | 1 2 3 4 |  4.5
Invocations    | 1 2 3 4 5 |  5.3
Maces & Flails | 3 4 5 |  5.2
Shields        | 4 5 |  5.4
Armour         | 4 5 |  5.3
Fighting       | 4 |  4.9

Action                   |  1- 3 |  4- 6 |  7- 9 || total
-------------------------+-------+-------+-------++-------
Melee: Flail             |   124 |   172 |       ||   296
       Mace              |       |       |   522 ||   522
       Unarmed           |       |       |    10 ||    10
 Abil: Dig               |       |     1 |     5 ||     6
  Use: Potion            |     1 |       |     3 ||     4
       Scroll            |       |     5 |     9 ||    14
Armor: Scale mail        |    28 |    42 |       ||    70
       Skin              |     4 |       |       ||     4
       Chain mail        |       |     5 |   237 ||   242
Dodge: Dodged            |    47 |    89 |   277 ||   413
Block: Kite shield       |    58 |   110 |   321 ||   489
